 Dungeon Crawl Stone Soup version 0.29-a0-490-g77b3608bb8 (webtiles) character file.

Game seed: 9150309859991502570

14660 rabbitsville the Reanimator (level 12, 0/107 HPs)
             Began as an Ogre Necromancer on May 25, 2022.
             Was an Elder of Hepliaklqana.
             Slain by a wolf (6 damage)
             ... on level 3 of the Lair of Beasts on May 26, 2022.
             The game lasted 01:18:51 (18836 turns).

rabbitsville the Reanimator (Ogre Necromancer)     Turns: 18836, Time: 01:18:52

Health: 0/107      AC:  4    Str: 22    XL:     12   Next: 18%
Magic:  9/17       EV:  9    Int: 18    God:    Hepliaklqana [****..]
Gold:   682        SH:  0    Dex:  9    Spells: 7/17 levels left

rFire   . . .      SeeInvis .   B - +0 giant club
rCold   . . .      Faith    .   (shield currently unavailable)
rNeg    + . .      Spirit   .   a - +0 robe
rPois   .          Reflect  .   (helmet currently unavailable)
rElec   .          Harm     .   j - +0 cloak
rCorr   +          Rampage  .   (gloves unavailable)
Will    +....                   (boots unavailable)
Stlth   +.........              p - amulet of magic regeneration
HPRegen 0.27/turn               G - ring of resist corrosion
MPRegen 0.55/turn               L - ring of Heresy {Wiz rN+ Str+5}

@: appendages, animating dead
A: horns 2, talons 2, reduced essence, large, unfitting armour, tough skin 1
a: End Transformation, Renounce Religion, Recall Ancestor, Ancestor Identity,
Transference, Idealise


You were on level 3 of the Lair of Beasts.
You worshipped Hepliaklqana.
Hepliaklqana was greatly pleased with you.
You had temporarily grown beastly horns and talons.
You visited 3 branches of the dungeon, and saw 15 of its levels.

You collected 682 gold pieces.

Inventory:

Hand Weapons
 B - a +0 giant club (weapon)
Missiles
 v - 5 throwing nets
Armour
 a - a +0 robe (worn)
 j - a +0 cloak (worn)
 F - a +2 hat (melded)
Jewellery
 p - an amulet of magic regeneration (around neck)
 q - an amulet of regeneration
 G - a ring of resist corrosion (left hand)
 L - the ring of Heresy (right hand) {Wiz rN+ Str+5}
   (You acquired it on level 2 of the Lair of Beasts)

   [ring of wizardry]

   It improves your spell success rate.
   Str:       It affects your strength (+5).
   rN:        It protects you from negative energy.
Wands
 e - a wand of paralysis (9)
Scrolls
 c - 4 scrolls of identify
 h - 4 scrolls of vulnerability
 m - 3 scrolls of fear
 n - 2 scrolls of blinking
 o - 4 scrolls of fog
 r - 4 scrolls of noise
 s - a scroll of silence {unknown}
 u - 3 scrolls of enchant weapon
 y - 2 scrolls of immolation
 A - 2 scrolls of amnesia
 E - a scroll of magic mapping {unknown}
 H - a scroll of enchant armour {unknown}
 J - a scroll of teleportation
 K - a scroll of poison {unknown}
 M - a scroll of summoning {unknown}
Potions
 b - 3 potions of magic
 d - a potion of mutation {unknown}
 f - 3 potions of brilliance
 g - 3 potions of flight
 i - a potion of attraction {unknown}
 k - a potion of lignification {unknown}
 l - 2 potions of cancellation
 t - 3 potions of might
 w - 2 potions of berserk rage
 x - a potion of ambrosia
 z - 4 potions of curing
 C - 3 potions of invisibility
 D - a potion of haste


   Skills:
 - Level 7.8 Fighting
 - Level 2.8 Maces & Flails
 - Level 0.2 Polearms
 - Level 1.7 Dodging
 - Level 1.4 Stealth
 - Level 3.3 Spellcasting
 * Level 8.8 Conjurations
 - Level 10.9 Necromancy
 - Level 9.0 Transmutations
 - Level 1.8 Fire Magic
 - Level 3.3 Invocations


You had 7 spell levels left.
You knew the following spells:

 Your Spells              Type           Power      Damage    Failure   Level
a - Necrotize             Necr           100%       1d9       1%          1
b - Beastly Appendage     Tmut           70%        N/A       1%          1
c - Vampiric Draining     Necr           42%        2d9       1%          3
d - Animate Dead          Necr           42%        N/A       1%          4
e - Magic Dart            Conj           100%       1d8       1%          1

Your spell library contained the following spells:

 Spells                   Type           Power      Damage    Failure   Level
 Foxfire                  Conj/Fire      88%        2x1d8     1%          1
 Sting                    Tmut/Pois      76%        1d6       1%          1
 Searing Ray              Conj           68%        2d6       1%          2
 Wereblood                Tmut           35%        N/A       1%          2
 Agony                    Necr           42%        N/A       1%          5
 Conjure Flame            Conj/Fire      22%        6-21      2%          3
 Spider Form              Tmut/Pois      19%        N/A       3%          3
 Irradiate                Conj/Tmut      17%        3d19      4%          5
 Flame Wave               Conj/Fire      22%        2d7       7%          4
 Ensorcelled Hibernation  Hex/Ice        6%         N/A       10%         2
 Poisonous Vapours        Pois/Air       6%         N/A       10%         2
 Fulminant Prism          Conj/Hex       9%         3d7       11%         4
 Inner Flame              Hex/Fire       6%         N/A       13%         3
 Confusing Touch          Hex            3%         N/A       19%         3
 Yara's Violent Unravell  Hex/Tmut       9%         3d6       26%         5
 Olgreb's Toxic Radiance  Pois           3%         N/A       50%         4
 Summon Forest            Summ/Tloc      1%         N/A       83%         5
 Summon Mana Viper        Hex/Summ       3%         N/A       83%         5
 Summon Cactus Giant      Summ           1%         N/A       100%        6
 Enfeeble                 Hex            1%         N/A       100%        7


Dungeon Overview and Level Annotations

Branches:
Dungeon (11/15)            Temple (1/1) D:6            Lair (3/6) D:11
    Orc (0/2) D:10
  Swamp: Lair:2-4    Shoals: Lair:2-4     Snake: Lair:2-4    Spider: Lair:2-4

Altars:
Ashenzari
Cheibriados
Dithmenos
Elyvilon
Fedhas
Gozag
Hepliaklqana
Kikubaaqudgha
Makhleb
Nemelex Xobeh
Okawaru
Qazlal
Ru
Sif Muna
Trog
Uskayaw
Vehumet
Wu Jian
Xom
Yredelemnul
Zin
The Shining One

Annotations:
D:6 1 runed translucent door, Crazy Yiuf


Innate Abilities, Weirdness & Mutations

You have temporarily grown beastly horns and talons.
Your life essence is reduced to manifest your ancestor. (-10% HP)
You are too large for most types of armour.
You have tough skin. (AC +1)


Message History

The wolf bites you but does no damage. The wolf bites you.
* * * LOW HITPOINT WARNING * * *
The wolf bites itself!
Belessunu points at the wolf and mumbles some strange words.
The wolf seems to slow down.
A wolf comes into view.
Your wolf zombie bites the wolf.
The wolf bites your wolf zombie!
The wolf barely misses Belessunu. x2; The wolf bites you.
* * * LOW HITPOINT WARNING * * *
The wolf bites you!
* * * LOW HITPOINT WARNING * * *
The wolf bites you.
* * * LOW HITPOINT WARNING * * *
The wolf bites you but does no damage.
Unknown command.
Aiming: Vampiric Draining (safe; 1% risk of failure)
Press: ? - help, Q - select action, (/) - cycle Shift-Dir - straight line, f - wolf
Aim: a wolf You draw life force from the wolf!
You feel life coursing into your body!
Your wolf zombie misses the wolf.
The wolf barely misses you. The wolf bites you.
* * * LOW HITPOINT WARNING * * *
The wolf closely misses you.
Belessunu hits the wolf but does no damage.
Belessunu drains the wolf.
The wolf bites you!
* * * LOW HITPOINT WARNING * * *
The wolf bites you.
* * * LOW HITPOINT WARNING * * *
The wolf closely misses Belessunu.
Belessunu hits the wolf with a +0 dagger of draining.
The wolf misses your wolf zombie.
Your wolf zombie barely misses the wolf.
Aiming: Vampiric Draining (safe; 1% risk of failure)
Press: ? - help, Q - select action, (/) - cycle Shift-Dir - straight line, f/p - wolf
Aim: a wolf (severely wounded)
You draw life force from the wolf!
You kill the wolf!
You feel life coursing into your body.
The dead are walking!
The wolf barely misses you. x2; The wolf bites you.
You die...

..........## #.......###
......<....###......##.#.#.
.....÷.....#.......#..#....
......R....................Y
............................
........................#...
...............Z........# ..
..Y.Y..........hh........# .
....Y.........h.@R.........
......hhh.h........
.......hhZh........
........#h........
.......####...... .......
..... ......♣ ##.# ..... ##


You could see the friendly Belessunu the hexer, 11 wolves and 2 friendly wolf
zombies.

Vanquished Creatures
  A two-headed ogre (D:8)
  An ugly thing (D:11)
  2 elephants (Lair:2)
  4 komodo dragons
  2 trolls
  A blink frog (Lair:3)
  A yak (Lair:3)
  A wyvern (Lair:3)
  2 water moccasins
  2 orc warriors
  2 sky beasts
  An ice beast (D:6)
  3 black bears
  A wolf (Lair:3)
  3 centaurs
  2 phantoms
  2 kobold brigands
  6 bullfrogs
  A necrophage (D:6)
  2 gnoll sergeants
  4 scorpions
  5 wights (D:9)
  3 electric eels (D:10)
  3 howler monkeys
  7 hounds
  2 gnoll shamans (D:7)
  2 jellies
  2 orc priests
  3 iguanas
  3 orc wizards
  6 gnolls
  7 adders
  A shadow imp (D:6)
  A white imp (D:5)
  3 dart slugs
  27 orcs
  5 ball pythons
  6 endoplasms
  3 giant cockroaches (D:1)
  7 hobgoblins
  5 jackals
  18 kobolds
  4 quokkas
  8 bats
  A frilled lizard (D:3)
  8 goblins
  3 rats
187 creatures vanquished.

Vanquished Creatures (collateral kills)
  A boulder beetle (Lair:3)
  A hydra (Lair:1)
  4 elephants
  A black mamba (Lair:3)
  A rime drake (Lair:3)
  2 komodo dragons (Lair:2)
  A polar bear (Lair:2)
  Grinder (D:4)
  3 blink frogs (Lair:3)
  A wyvern (D:11)
  5 yaks
  An acid dragon (D:7)
  A water moccasin (Lair:1)
  2 orc warriors (D:10)
  A sky beast (D:8)
  An ice beast (D:6)
  2 wolves (Lair:3)
  A centaur (D:8)
  A kobold brigand (D:10)
  5 bullfrogs
  A necrophage (D:7)
  6 wights (D:9)
  An electric eel (D:10)
  5 howler monkeys
  2 orc priests (D:8)
  A gnoll shaman (D:4)
  13 gnolls
  11 orcs
  2 jackals (D:2)
  3 kobolds
81 creatures vanquished.

Vanquished Creatures (others)
  A komodo dragon zombie (Lair:1)
  A bullfrog zombie (Lair:3)
  A centaur zombie (D:11)
  9 hexers
  2 ancestors (D:8)
  7 fungi
  16 plants
37 creatures vanquished.

Grand Total: 305 creatures vanquished

Notes
Turn   | Place    | Note
-------+----------+-------------------------------------------
     0 | D:1      | rabbitsville the Ogre Necromancer began the quest for the
                  | Orb.
     0 | D:1      | Reached XP level 1. HP: 16/16 MP: 3/3
   287 | D:1      | Reached XP level 2. HP: 26/26 MP: 3/5
   347 | D:1      | Reached skill level 1 in Fighting
   424 | D:1      | Reached skill level 4 in Necromancy
   433 | D:1      | Reached XP level 3. HP: 10/33 MP: 0/7
  1434 | D:2      | Found a faded altar of an unknown god.
  1447 | D:2      | Got Plato's Incunabulum of Damage Dealing
  1594 | D:2      | Upgraded the game from 0.29-a0-483-g69413ace17 to
                  | 0.29-a0-490-g77b3608bb8
  1688 | D:2      | Found a glowing golden altar of the Shining One.
  2119 | D:2      | Reached XP level 4. HP: 42/42 MP: 5/8
  2500 | D:3      | Noticed a phantom
  2834 | D:3      | Reached XP level 5. HP: 52/52 MP: 7/10
  3007 | D:4      | Reached skill level 5 in Necromancy
  3134 | D:4      | Reached skill level 1 in Maces & Flails
  3236 | D:4      | Found a hide-covered altar of Uskayaw.
  3289 | D:4      | You fall into a shaft and drop 1 floor!
  3289 | D:5      | Entered Level 5 of the Dungeon
  3377 | D:4      | Identified the +3 leather armour of the Goldsmith {-Tele
                  | Regen+ Dex+6}
  3447 | D:4      | Reached XP level 6. HP: 38/61 MP: 7/11
  4106 | D:4      | Noticed Grinder
  4270 | D:5      | Reached XP level 7. HP: 70/70 MP: 12/12
  4335 | D:5      | Reached skill level 6 in Necromancy
  4408 | D:5      | Reached skill level 1 in Transmutations
  4628 | D:5      | Found a glowing golden altar of the Shining One.
  5117 | D:6      | Reached XP level 8. HP: 79/79 MP: 11/13
  5399 | D:6      | Learned a level 1 spell: Beastly Appendage
  5719 | D:6      | Found a staircase to the Ecumenical Temple.
  5728 | Temple   | Entered the Ecumenical Temple
  5974 | Temple   | Became a worshipper of Hepliaklqana the Forgotten
  6177 | D:6      | Reached skill level 7 in Necromancy
  6409 | D:6      | Reached skill level 5 in Transmutations
  6439 | D:6      | Found a sparkling altar of Nemelex Xobeh.
  6808 | D:6      | Reached * piety under Hepliaklqana
  6938 | D:6      | Found a basalt altar of Yredelemnul.
  6971 | D:6      | Found a runed translucent door.
  6972 | D:6      | Noticed Crazy Yiuf
  7004 | D:6      | Reached XP level 9. HP: 60/76 MP: 11/14
  7459 | D:7      | Learned a level 3 spell: Vampiric Draining
  7472 | D:7      | Found a shadowy altar of Dithmenos.
  7495 | D:7      | Found a radiant altar of Vehumet.
  7970 | D:7      | Found a bloodstained altar of Trog.
  7970 | D:7      | Found a faded altar of an unknown god.
  7976 | D:7      | Found a faded altar of an unknown god.
  7984 | D:7      | Reached skill level 8 in Necromancy
  7988 | D:7      | Found a blossoming altar of Fedhas.
  7990 | D:7      | Found a stormy altar of Qazlal.
  8265 | D:4      | Killed Grinder
  8464 | D:8      | Noticed a two-headed ogre
  8476 | D:8      | Killed a two-headed ogre
  8482 | D:7      | HP: 2/76 [something (6)]
  8485 | D:7      | Reached XP level 10. HP: 12/84 MP: 10/15
  8841 | D:8      | Found a glowing silver altar of Zin.
  9626 | D:8      | Reached ** piety under Hepliaklqana
  9627 | D:8      | Remembered your ancestor Belessunu as a hexer
 10202 | D:9      | Reached skill level 9 in Necromancy
 10292 | D:10     | Entered Level 10 of the Dungeon
 10791 | D:10     | Reached skill level 5 in Fighting
 11125 | D:10     | Found a staircase to the Orcish Mines.
 11939 | D:10     | Found a shimmering altar of Xom.
 13222 | D:9      | HP: 3/78 [wight/+1 halberd of flaming (5)]
 13563 | D:9      | Reached *** piety under Hepliaklqana
 13653 | D:9      | Reached skill level 10 in Necromancy
 14254 | D:11     | Noticed a green ugly thing
 14267 | D:11     | Killed a green ugly thing
 14484 | D:11     | Learned a level 4 spell: Animate Dead
 14565 | D:11     | Reached XP level 11. HP: 31/98 MP: 1/16
 14845 | D:11     | Found a staircase to the Lair.
 15323 | Lair:1   | Entered Level 1 of the Lair of Beasts
 15545 | Lair:1   | Noticed a seven-headed hydra
 15795 | Lair:1   | Reached skill level 1 in Fire Magic
 15957 | Lair:1   | Reached skill level 1 in Invocations
 16108 | Lair:1   | Killed a seven-headed hydra
 16109 | Lair:1   | Reached skill level 1 in Conjurations
 16252 | Lair:1   | Reached **** piety under Hepliaklqana
 16954 | Lair:2   | Identified 2 scrolls of acquirement
 16959 | Lair:2   | Acquired the ring of Heresy {Wiz rN+ Str+5}
 16966 | Lair:2   | Learned a level 1 spell: Magic Dart
 17209 | Lair:2   | Identified the +0 rapier of Temperance {vorpal, Int+3 SInv}
 17266 | Lair:2   | Acquired the Compendium of Malediction and Combat Magic
 17436 | Lair:2   | Reached skill level 5 in Conjurations
 18293 | Lair:3   | Reached XP level 12. HP: 58/107 MP: 14/17
 18628 | Lair:3   | Noticed a boulder beetle
 18645 | Lair:3   | Killed a boulder beetle
 18724 | Lair:3   | Found a sacrificial altar of Ru.
 18835 | Lair:3   | HP: 2/107 [wolf (5)]
 18836 | Lair:3   | Slain by a wolf

Illustrated notes

Levels and vault maps discovered:
D:1:      elethiomel_arrival_infinity_welcomes_careful_drivers,
          layout_loops_ring, st_stairs_13, minmay_distorted
D:2:      layout_basic, shapermc_ecumenical_altar_rom_forum, basic_altar
D:3:      layout_basic
D:4:      layout_basic, lemuel_round_altar, kennysheep_generic_room_6,
          uniq_grinder
D:5:      layout_basic, mainiacjoe_overflow_paths
D:6:      layout_gridville, lemuel_round_altar, nemelex_diamond_rough_becter,
          minmay_temple_entry_trees, minmay_stone_trees_large,
          kennysheep_crisscross, uniq_crazy_yiuf_cottage
D:7:      layout_cave_pools, mainiacjoe_overflow_six_doors_small,
          fiery_altar_vehumet, chequers_temple_overflow_minitemple,
          solitary_fountain, lightli_orcish_oven
D:8:      layout_gridville, lemuel_doored_altar
D:9:      layout_basic
D:10:     layout_layer_cave, lemuel_tele_altar, orc_0_dummy, serial_bayou_lake_a
D:11:     layout_roguey, david_lair_shrubbed
Temple:   grunt_temple_mini_profane
Lair:1:   layout_cave_pods
Lair:2:   layout_cave_pods
Lair:3:   layout_hall_layers, basic_altar, grunt_forest_large_clearings

Skill      XL: |  1  2  3  4  5  6  7  8  9 10 11 12 |
---------------+-------------------------------------+-----
Fighting       | 1 2 3 4 7 |  7.8
Necromancy     | 4 5 6 7 8 10 | 10.9
Spellcasting   | 3 |  3.3
Maces & Flails | 1 2 |  2.8
Transmutations | 3 6 8 9 |  9.0
Fire Magic     | 1 |  1.8
Invocations    | 3 |  3.3
Conjurations   | 7 8 |  8.8
Polearms       | |  0.2
Dodging        | |  1.7
Stealth        | |  1.4

Action                   |  1- 3 |  4- 6 |  7- 9 | 10-12 || total
-------------------------+-------+-------+-------+-------++-------
Melee: Unarmed           |    21 |       |       |       ||    21
       Dagger            |    23 |       |       |       ||    23
       Whip              |     3 |     2 |       |       ||     5
       Spear             |       |    14 |       |       ||    14
       Punch             |       |     2 |       |       ||     2
       Short sword       |       |     1 |       |       ||     1
       Flail             |       |     2 |    45 |       ||    47
       Kick              |       |       |    17 |    10 ||    27
       Headbutt          |       |       |     7 |     4 ||    11
       Morningstar       |       |       |     3 |       ||     3
       Giant club        |       |       |       |    88 ||    88
 Cast: Necrotize         |    70 |   116 |   181 |   245 ||   612
       Beastly Appendage |       |       |     7 |    12 ||    19
       Vampiric Draining |       |       |     7 |    23 ||    30
       Animate Dead      |       |       |       |     6 ||     6
       Magic Dart        |       |       |       |    20 ||    20
Invok: Recall Ancestor   |       |       |       |     4 ||     4
       Ancestor Life: He |       |       |       |     1 ||     1
Evoke: Wand              |       |       |       |     1 ||     1
  Use: Potion            |       |     6 |     3 |     1 ||    10
       Scroll            |       |     2 |       |    19 ||    21
 Stab: Distracted        |       |       |       |     5 ||     5
       Confused          |       |       |       |     1 ||     1
Armor: Robe              |    33 |     3 |    38 |    53 ||   127
Dodge: Dodged            |    39 |    22 |    52 |   125 ||   238

Table legend: (Time is in decaauts)
 A = Elapsed time spent in this place.
 B = Non-inter-level travel time spent in this place.
 C = Inter-level travel time spent in this place.
 D = Time resting spent in this place.
 E = Time spent auto-exploring this place.
 F = Levels seen in this place.
 G = Mean time per level.
                   A        B        C        D        E       F      G
               +--------+--------+--------+--------+--------+-----+--------+
         Total |  18912 |  17883 |   1029 |   2261 |  12100 |  15 | 1260.8 |
       Dungeon |  15111 |  14242 |    869 |   1824 |   9780 |  11 | 1373.7 |
        Temple |    268 |    247 |     21 |      0 |    189 |   1 |  268.0 |
          Lair |   3532 |   3393 |    139 |    437 |   2131 |   3 | 1177.3 |
               +--------+--------+--------+--------+--------+-----+--------+

Top non-repeatable levels by time:
    D:10: 2546 daAuts
     D:6: 1946 daAuts
     D:9: 1616 daAuts
  Lair:2: 1528 daAuts
     D:1: 1428 daAuts
     D:4: 1361 daAuts
    D:11: 1342 daAuts
     D:5: 1117 daAuts
     D:8: 1098 daAuts
     D:7: 1047 daAuts
  Lair:1: 1038 daAuts
  Lair:3: 965 daAuts
     D:3: 831 daAuts
     D:2: 774 daAuts
  Temple: 268 daAuts
